Map: Rhoskallian LE

Players

TheMarvGuard

  • Race: Zerg Zerg
  • League: Platinum
  • Spawn Location: 5:00

Ryan

  • Race: Protoss Protoss
  • Spawn Location: 6:00

bails - Winner!

  • Race: Terran Terran
  • Spawn Location: 11:00

KABRADAPESTE - Winner!

  • Race: Protoss Protoss
  • League: Gold
  • Spawn Location: 12:00

VOD

Have the link to the VOD?

Description

Time

  • Played on: Sept. 19, 2026, 7:05 p.m.
  • Length: 7:56
Show
View Real Time Build Order
Export as new Build Order

TheMarvGuard Zerg 

Build Orders: 1 Base Baneling Bust, Pool Only, Zergling Baneling 

Get SALT Encoding   

  8  0:00  Drone  
  9  0:11  Drone  
  10  0:17  Drone  
  11  0:24  Drone  
  12  0:39  Extractor x2, Drone  
  12  0:40  Drone  
  14  0:46  Overlord  
  14  1:04  Drone  
  14  1:05  Drone  
  14  1:11  Drone  
  17  1:19  Spawning Pool  
  17  1:22  Drone  
  17  1:31  Drone  
  18  1:34  Extractor  
  18  1:35  Extractor  
  16  1:41  Drone  
  17  1:51  Drone  
  18  2:02  Drone  
  19  2:09  Spine Crawler, Queen  
  19  2:12  Overlord  
  20  2:31  Overlord  
  20  2:45  Lair  
  20  2:48  Zergling x4  
  22  2:55  Zergling x2  
  23  3:01  Zergling x2  
  24  3:19  Zergling x8  
  28  3:20  Metabolic Boost  
  28  3:24  Baneling Nest  
  27  3:58  Drone x6  
  33  4:10  Nydus Network  
  33  4:14  Zergling x2  
  33  4:16  Queen  
  35  4:28  Overlord  
  35  4:30  Zergling x2  
  36  4:42  Overlord  
  36  4:49  Baneling x4  
  36  4:50  Baneling x5  
  36  4:53  Baneling  
  36  5:09  Nydus Canal  
  38  5:14  Zergling x6  
  38  5:18  Queen  
  25  6:00  Zergling x4  
  25  6:01  Zergling x8  
  31  6:05  Nydus Canal  
  31  6:08  Overlord  
  31  6:36  Nydus Canal  
  31  6:40  Zergling x10  
  31  6:45  Hydralisk Den  
  34  7:09  Baneling x4  
  34  7:10  Baneling x6  
  33  7:34  Zergling x4  
Show
View Real Time Build Order
Export as new Build Order

Ryan Protoss 

Build Orders:  

Get SALT Encoding   

  8  0:02  Probe (Chrono Boost)  
  9  0:12  Probe (Chrono Boost)  
  10  0:28  Pylon  
  10  0:40  Probe  
  11  0:50  Gateway  
  11  0:59  Assimilator  
  11  1:04  Probe (Chrono Boost)  
  12  1:26  Probe  
  13  1:38  Probe  
  14  1:50  Probe  
  15  2:02  Nexus  
  15  2:26  Cybernetics Core  
  15  2:31  Pylon  
  15  2:39  Probe (Chrono Boost)  
  16  2:48  Probe (Chrono Boost)  
  17  2:53  Probe (Chrono Boost)  
  18  3:04  Stalker  
  18  3:05  Probe  
  21  3:08  Warp Gate  
  21  3:14  Probe  
  21  3:17  Probe  
  23  3:26  Probe  
  24  3:29  Probe  
  24  3:31  Stalker  
  26  3:45  Probe (Chrono Boost)  
  27  3:55  Probe (Chrono Boost)  
  28  4:00  Probe (Chrono Boost)  
  29  4:03  Stalker  
  31  4:11  Probe (Chrono Boost)  
  32  4:17  Assimilator  
  32  4:21  Probe (Chrono Boost)  
  32  4:22  Assimilator  
  33  4:30  Probe (Chrono Boost), Pylon, Stalker  
  36  4:35  Probe (Chrono Boost)  
  37  4:49  Twilight Council  
  37  4:50  Gateway  
  37  4:53  Gateway  
  39  5:01  Forge  
  39  5:05  Probe (Chrono Boost), Pylon  
  40  5:11  Stalker  
  41  5:14  Probe (Chrono Boost)  
  41  5:15  Assimilator  
  41  5:19  Probe (Chrono Boost)  
  42  5:30  Probe  
  42  5:32  Blink  
  43  5:43  Probe  
  44  5:57  Probe (Chrono Boost)  
  45  6:07  Probe (Chrono Boost)  
  44  6:12  Probe (Chrono Boost)  
  45  6:24  Probe (Chrono Boost)  
  47  6:34  Probe (Chrono Boost)  
  47  6:35  Pylon  
  47  6:42  Nexus, Probe x2 (Chrono Boost)  
  49  6:51  Probe (Chrono Boost)  
  49  6:53  Probe (Chrono Boost)  
  47  7:02  Stalker x2, Probe  
  47  7:03  Stalker  
Show
View Real Time Build Order
Export as new Build Order

bails Terran - Winner!

Build Orders: Reaper Expand 

Get SALT Encoding   

  8  0:02  SCV  
  9  0:14  SCV  
  10  0:26  SCV  
  11  0:38  SCV  
  11  0:42  Supply Depot  
  12  0:50  SCV  
  12  0:51  Refinery  
  13  1:03  SCV  
  14  1:09  Barracks  
  14  1:16  SCV  
  15  1:28  SCV  
  16  1:40  SCV  
  17  1:56  Reaper  
  17  1:57  Orbital Command  
  18  2:10  Command Center  
  18  2:23  Barracks  
  18  2:26  SCV  
  19  2:33  Barracks Reactor  
  19  2:38  SCV  
  19  2:41  Supply Depot  
  20  2:49  Refinery  
  20  2:50  SCV  
  21  3:02  SCV  
  22  3:11  Marine x2  
  22  3:12  Factory  
  24  3:13  Barracks Tech Lab  
  24  3:16  SCV  
  25  3:30  Marine x2  
  25  3:31  Stimpack  
  25  3:32  Marine  
  28  3:35  SCV  
  29  3:46  Orbital Command  
  29  3:52  Marine x2  
  29  3:55  Marine  
  32  4:03  SCV  
  32  4:09  Starport  
  33  4:12  Factory Reactor  
  33  4:16  SCV  
  34  4:19  Marine  
  34  4:22  Marine  
  36  4:33  Marine  
  36  4:34  SCV  
  36  4:35  SCV  
  36  4:37  Marine  
  36  4:38  Supply Depot  
  40  4:42  Marine  
  41  4:46  SCV  
  41  4:49  Supply Depot  
  42  5:00  Medivac x2  
  42  5:01  Marine x2  
  42  5:02  Factory Reactor  
  42  5:03  Marine  
  42  5:04  SCV  
  50  5:10  SCV  
  50  5:14  Supply Depot, Combat Shield  
  51  5:16  SCV  
  51  5:19  Supply Depot  
  52  5:23  SCV, Marine  
  52  5:28  SCV, Marine x2  
  57  5:41  Marine  
  58  5:46  Marine  
  59  5:55  SCV  
  59  5:56  SCV  
  61  5:59  Marine x2  
  61  6:01  Command Center  
  61  6:03  Engineering Bay  
  61  6:04  Marine, Engineering Bay  
  64  6:08  SCV  
  64  6:09  SCV  
  66  6:15  Refinery  
  66  6:17  Marine  
  67  6:20  SCV, Widow Mine x2  
  72  6:25  Supply Depot  
  72  6:30  Supply Depot  
  72  6:31  SCV  
  73  6:34  SCV  
  74  6:47  Marine  
  74  6:48  Marine x2  
  74  6:49  Widow Mine  
  79  7:06  Marine x2  
  79  7:07  Marine  
  82  7:14  Barracks  
  82  7:15  Barracks  
  82  7:19  SCV x2, Barracks  
  84  7:24  Marine x2  
  86  7:32  Marine  
Show
View Real Time Build Order
Export as new Build Order

KABRADAPESTE Protoss - Winner!

Build Orders:  

Get SALT Encoding   

  8  0:03  Probe (Chrono Boost)  
  9  0:16  Probe (Chrono Boost)  
  10  0:25  Probe  
  11  0:37  Probe  
  11  0:41  Pylon  
  12  0:49  Probe  
  13  1:00  Forge  
  13  1:04  Probe (Chrono Boost)  
  14  1:13  Probe (Chrono Boost)  
  15  1:18  Probe (Chrono Boost)  
  16  1:28  Pylon  
  16  1:30  Probe  
  17  1:38  Assimilator  
  17  1:43  Assimilator  
  17  1:48  Photon Cannon  
  17  1:59  Gateway  
  17  2:10  Probe (Chrono Boost)  
  18  2:19  Probe (Chrono Boost)  
  18  2:24  Probe (Chrono Boost)  
  19  2:30  Pylon  
  19  2:36  Probe  
  20  2:48  Probe, Cybernetics Core  
  21  3:00  Probe  
  22  3:10  Pylon  
  22  3:13  Probe  
  23  3:25  Stargate  
  23  3:27  Stargate  
  23  3:35  Probe (Chrono Boost)  
  24  3:45  Probe (Chrono Boost)  
  25  4:06  Void Ray (Chrono Boost)  
  33  4:18  Void Ray (Chrono Boost)  
  33  4:25  Protoss Air Weapons Level 1  
  33  4:47  Void Ray  
  37  4:53  Pylon  
  37  5:06  Nexus  
  37  5:08  Assimilator  
  37  5:13  Assimilator  
  32  6:16  Void Ray  
  32  6:53  Probe (Chrono Boost)  
  33  7:09  Probe  
  34  7:21  Probe (Chrono Boost)  
  35  7:33  Probe (Chrono Boost)  
  36  7:37  Probe (Chrono Boost)  
Tags
 
Add a new tag
Caveats
  • Supply blocks, unpowered buildings, or Contaminate may cause inaccurate times.
  • Supply counts are checked every 10 seconds.